 Dungeon Crawl Stone Soup version 0.24.0-29-g8ce449bc06 (webtiles) character file.

Game seed: 1676956585378098939, levelgen mode: deterministic

148318 FessEmpty the Markscentaur (level 16, -6/132 HPs)
             Began as a Centaur Transmuter on Nov 15, 2019.
             Was a High Priest of Okawaru.
             Splashed by a caustic shrike's acid (8 damage)
             ... on level 2 of the Depths.
             The game lasted 03:23:28 (40422 turns).

FessEmpty the Markscentaur (Centaur Transmuter)    Turns: 40422, Time: 03:23:29

Health: -6/132     AC: 12    Str: 17    XL:     16   Next: 93%
Magic:  19/25      EV:  7    Int: 15    God:    Okawaru [*****.]
Gold:   2453       SH:  0    Dex: 10    Spells: 8/27 levels left

rFire    . . .     SeeInvis +   x - +5 longbow (velocity)
rCold    + . .     Gourm    .   (shield currently unavailable)
rNeg     . . .     Faith    .   w - +0 troll leather armour
rPois    .         Spirit   .   K - +2 helmet {SInv}
rElec    .         Reflect  .   V - +0 cloak (curse)
rCorr    .         Harm     .   O - +2 pair of gloves
MR       ++...                  Y - +0 centaur barding
Stlth    ++........             P - amulet of regeneration
HPRegen  2.12/turn              r - ring of protection from magic
MPRegen  0.19/turn              z - ring of Busti {+Fly rC+ Stlth+}

@: about to teleport, corroded, slightly contaminated, regenerating, lightly
drained, very quick
A: large, hooves 3, blurry vision 1, deformed body, speed 2, tough skin 3
a: Heroism, Finesse, Renounce Religion, Evoke Flight


You were on level 2 of the Depths.
You worshipped Okawaru.
Okawaru was extremely pleased with you.
You were not hungry.

You visited 7 branches of the dungeon, and saw 29 of its levels.
You also visited: Ice Cave.

You collected 2453 gold pieces.

Inventory:

Hand Weapons
 a - a +4 longbow of flaming
 x - a +5 longbow of velocity (weapon)
Missiles
 i - a throwing net
 X - 294 arrows (quivered)
Armour
 e - the +4 scale mail "Pihidib" {MP+9 Dex+3}
   (Okawaru gifted it to you on level 2 of the Orcish Mines)

   It affects your dexterity (+3).
   It affects your magic capacity (+9).
 w - a +0 troll leather armour (worn)
 K - a +2 helmet of see invisible (worn)
 O - a +2 pair of gloves (worn)
 V - a cursed +0 cloak (worn)
 Y - a +0 centaur barding (worn)
Jewellery
 h - an uncursed ring of poison resistance
 n - an uncursed ring of protection from fire
 r - a ring of protection from magic (left hand)
 z - the ring of Busti (right hand) {+Fly rC+ Stlth+}
   (You found it on level 2 of the Depths)

   [ring of flight]

   It protects you from cold.
   It lets you fly.
   It makes you more stealthy.
 P - an amulet of regeneration (around neck)
Wands
 b - a wand of paralysis (11)
 m - a wand of iceblast (14)
 p - a wand of digging (7)
 A - a wand of polymorph (28)
 B - a wand of scattershot (10)
 C - a wand of acid (17)
 D - a wand of disintegration (7)
 L - a wand of flame (74)
 Q - a wand of enslavement (14)
 T - a wand of clouds (5)
Scrolls
 j - a scroll of fear
 k - a scroll of fog
 o - 7 scrolls of teleportation
 y - 14 scrolls of remove curse
 E - a scroll of holy word {unknown}
 G - 4 scrolls of magic mapping
 H - a scroll of summoning
 J - 3 scrolls of identify
 M - a scroll of torment {unknown}
 U - 2 scrolls of silence
 W - a scroll of immolation {unknown}
 Z - a scroll of brand weapon {unknown}
Potions
 c - 11 potions of curing
 f - a potion of cancellation
 g - 2 potions of heal wounds
 l - 3 potions of haste
 q - 8 potions of flight
 s - a potion of invisibility
 t - 2 potions of ambrosia {unknown}
 I - a potion of berserk rage {unknown}
 N - 4 potions of agility
 S - a potion of magic {unknown}
Miscellaneous
 v - a fan of gales
 R - a lightning rod (4/4)
Comestibles
 d - 34 rations
 F - 8 chunks of flesh


   Skills:
 + Level 9.2(8.9) Fighting
 + Level 20.8(20.4) Bows
 - Level 1.3(1.1) Dodging
 * Level 12.2(11.8) Unarmed Combat
 - Level 6.1(5.8) Spellcasting
 - Level 10.0(9.6) Charms
 - Level 4.0(3.8) Necromancy
 - Level 10.1(9.8) Transmutations
 - Level 4.0(3.7) Ice Magic
 - Level 6.0(5.7) Air Magic
 - Level 7.2(6.9) Invocations
 - Level 6.5(6.2) Evocations


You had 8 spell levels left.
You knew the following spells:

 Your Spells              Type           Power        Failure   Level  Hunger
a - Deflect Missiles      Chrm/Air       ####......   75%         6    #######
b - Sticks to Snakes      Tmut           ####....     1%          2    #......
c - Regeneration          Chrm/Necr      ###.......   3%          3    ###....
d - Blade Hands           Tmut           ####......   9%          5    ######.
e - Ozocubu's Armour      Chrm/Ice       ###.....     3%          3    ###....

Your spell library contained the following spells:

 Spells                   Type           Power        Failure   Level  Hunger
 Beastly Appendage        Tmut           ####..       1%          1    None
 Animate Skeleton         Necr           N/A          3%          1    None
 Pain                     Necr           ###.         3%          1    None
 Freeze                   Ice            ###.         4%          1    None
 Corpse Rot               Necr           N/A          6%          2    #......
 Sublimation of Blood     Necr           ###.......   6%          2    #......
 Spider Form              Tmut/Pois      ###.......   8%          3    ###....
 Vampiric Draining        Necr           ###.......   12%         3    ###....
 Ice Form                 Ice/Tmut       ###.....     12%         4    ####...
 Ensorcelled Hibernation  Hex/Ice        #.....       13%         2    #......
 Throw Frost              Conj/Ice       #.....       13%         2    #......
 Confusing Touch          Hex            #.....       19%         1    None
 Flame Tongue             Conj/Fire      #....        19%         1    None
 Petrify                  Tmut/Erth      ###.....     24%         4    ####...
 Throw Flame              Conj/Fire      #.....       28%         2    #......
 Excruciating Wounds      Chrm/Necr      ###.......   32%         5    ######.
 Animate Dead             Necr           N/A          36%         4    ####...
 Confuse                  Hex            #.......     50%         3    ###....
 Conjure Flame            Conj/Fire      #.......     50%         3    ###....
 Gell's Gravitas          Tloc           #.........   50%         3    ###....
 Inner Flame              Hex/Fire       #.......     50%         3    ###....
 Yara's Violent Unravell  Hex/Tmut       ###.......   56%         5    ######.
 Summon Ice Beast         Ice/Summ       #.......     65%         4    ####...
 Throw Icicle             Conj/Ice       #.......     65%         4    ####...
 Agony                    Necr           ###.....     71%         5    ######.
 Dispel Undead            Necr           ###.....     71%         5    ######.
 Silence                  Hex/Air        ##........   83%         5    ######.
 Cause Fear               Hex            #.........   88%         4    ####...
 Sticky Flame             Conj/Fire      #.......     88%         4    ####...
 Bolt of Draining         Conj/Necr      ##........   93%         5    ######.
 Borgnjor's Vile Clutch   Necr/Erth      ##........   93%         5    ######.
 Metabolic Englaciation   Hex/Ice        #.........   94%         5    ######.
 Fireball                 Conj/Fire      #.........   99%         5    ######.
 Darkness                 Hex            #.........   100%        6    #######
 Shadow Creatures         Summ           N/A          100%        6    #######
 Discord                  Hex            #.........   100%        8    #######


Dungeon Overview and Level Annotations

Branches:
Dungeon (15/15)            Temple (1/1) D:5            Lair (6/6) D:10
 Shoals (0/4) Lair:4       Spider (2/4) Lair:4        Slime (0/5) Lair:6
    Orc (2/2) D:12            Elf (1/3) Orc:2        Vaults (0/5) D:14
 Depths (2/5) D:15          IceCv (visited)

Altars:
Ashenzari
Cheibriados
Dithmenos
Elyvilon
Fedhas
Gozag
Hepliaklqana
Kikubaaqudgha
Makhleb
Nemelex Xobeh
Okawaru
Qazlal
Ru
Sif Muna
Trog
Uskayaw
Vehumet
Wu Jian
Xom
Yredelemnul
Zin
The Shining One
Jiyva

Shops:
D:7 :   D:9 [   D:11 ?   D:14 *   Orc:2 :!:![

Portals:
Hell: Depths:1
Abyss: Depths:1
Pandemonium: Orc:2 Depths:1
Trove: D:10 (show abyssal rune of Zot)

Annotations:
Lair:1 exclusion: oklob plant
Lair:3 exclusion: oklob plant
Lair:6 1 runed translucent door
Depths:1 3 runed translucent doors, Niacecre's ghost, veteran DEFE
Depths:2 Aizul


Innate Abilities, Weirdness & Mutations

You have hooves in place of feet.
Armour fits poorly on your strangely shaped body.
You cover ground very quickly.
You have extremely tough skin. (AC +3)
Scrolls take you a little longer to read.


Message History

Something appears before you! Okawaru grants you ammunition!
X - 303 arrows (gained 16)
A vampire knight comes into view. It is wielding a +0 glaive.
Firing (i - inventory. (/) - cycle)
X - 303 arrows (quivered)
Press: ? - help, Shift-Dir - straight line, f - vampire knight
Aim: a vampire knight, wielding a +0 glaive and wearing a +0 plate armour
Okay, then.
You're wearing all the rings you can.
Remove which one? (? for menu, Esc to cancel) < or
n - a ring of protection from fire > or
z - the ring of Busti {+Fly rC+ Stlth+} You remove your ring of protection from fire.
r - a ring of protection from magic (left hand) Firing (i - inventory. (/) - cycle)
X - 303 arrows (quivered)
Press: ? - help, Shift-Dir - straight line, f - vampire knight
Aim: a vampire knight, wielding a +0 glaive and wearing a +0 plate armour
Okay, then.
You gain the combat prowess of a mighty hero.
Firing (i - inventory. (/) - cycle)
X - 303 arrows (quivered)
Press: ? - help, Shift-Dir - straight line, f - vampire knight
Aim: a vampire knight, wielding a +0 glaive and wearing a +0 plate armour You shoot an arrow.
The arrow hits the vampire knight but does no damage.
Firing (i - inventory. (/) - cycle)
X - 302 arrows (quivered)
Press: ? - help, Shift-Dir - straight line, f/p - vampire knight
Aim: a vampire knight, wielding a +0 glaive and wearing a +0 plate armour You shoot an arrow.
The arrow hits the vampire knight!
The vampire knight is moderately damaged.
Firing (i - inventory. (/) - cycle)
X - 301 arrows (quivered)
Press: ? - help, Shift-Dir - straight line, f/p - vampire knight
Aim: a vampire knight, wielding a +0 glaive and wearing a +0 plate armour (moderately damaged)
You shoot an arrow. The arrow hits the vampire knight!
The vampire knight is moderately damaged.
Firing (i - inventory. (/) - cycle)
X - 300 arrows (quivered)
Press: ? - help, Shift-Dir - straight line, f/p - vampire knight
Aim: a vampire knight, wielding a +0 glaive and wearing a +0 plate armour (moderately damaged)
You shoot an arrow. The arrow hits the vampire knight!!
The vampire knight is severely damaged.
Firing (i - inventory. (/) - cycle)
X - 299 arrows (quivered)
Press: ? - help, Shift-Dir - straight line, f/p - vampire knight
Aim: a vampire knight, wielding a +0 glaive and wearing a +0 plate armour (severely damaged)
You shoot an arrow. The arrow hits the vampire knight!
The vampire knight is severely damaged.
Firing (i - inventory. (/) - cycle)
X - 298 arrows (quivered)
Press: ? - help, Shift-Dir - straight line, f/p - vampire knight
Aim: a vampire knight, wielding a +0 glaive and wearing a +0 plate armour (severely damaged)
You shoot an arrow.
The arrow closely misses the vampire knight.
Firing (i - inventory. (/) - cycle)
X - 297 arrows (quivered)
Press: ? - help, Shift-Dir - straight line, f/p - vampire knight
Aim: a vampire knight, wielding a +0 glaive and wearing a +0 plate armour (severely damaged)
You shoot an arrow. The arrow hits the vampire knight!
You destroy the vampire knight!
Okawaru accepts your kill.
Casting: Regeneration (safe; 3% risk of failure)
Confirm with . or Enter, or press ? or * to list all spells.
The spell is very dangerous to cast (69% risk of failure)!
Continue anyway?
Okay, then.
Casting: Deflect Missiles (very dangerous; 69% risk of failure)
Confirm with . or Enter, or press ? or * to list all spells.
The spell is very dangerous to cast (69% risk of failure)!
Continue anyway?
You miscast Deflect Missiles.
You are very lightly contaminated with residual magic.
The vortex of raging winds lifts you up.
You fly up into the air.
A huge vortex of air appears!
You are engulfed in raging winds.
You are engulfed in raging winds.
Careful!
You are now flying above some deep water.
Firing (i - inventory. (/) - cycle)
X - 296 arrows (quivered)
Press: ? - help, Shift-Dir - straight line, f - twister
Aim: a twister (surrounded by raging winds, summoned)
You shoot an arrow. The arrow hits the twister!!
The twister is lightly damaged.
You are engulfed in raging winds.
Firing (i - inventory. (/) - cycle)
X - 295 arrows (quivered)
Press: ? - help, Shift-Dir - straight line, f/p - twister
Aim: a twister (raging winds, lightly damaged, surrounded by raging winds, summoned)
You shoot an arrow. The arrow barely misses the twister.
You are engulfed in raging winds.
Firing (i - inventory. (/) - cycle)
X - 294 arrows (quivered)
Press: ? - help, Shift-Dir - straight line, f/p - twister
Aim: a twister (raging winds, lightly damaged, surrounded by raging winds, summoned)
Okay, then.
You are engulfed in raging winds.
Things that are here:
an arrow; 16 sling bullets Are you sure you want to fly over deep water while you are losing your buoyancy?
Okay, then.
You are engulfed in raging winds.
Really read with blurry vision while enemies are nearby? [Y]es or [N]o only, please.
Really read with blurry vision while enemies are nearby?
You are engulfed in raging winds.
You begin reading the scroll.
You continue reading the scroll.
You are engulfed in raging winds.
The twister disappears in a puff of smoke!
As you read the scroll of teleportation, it crumbles to dust.
You feel strangely unstable.
Casting: Deflect Missiles (very dangerous; 69% risk of failure)
Confirm with . or Enter, or press ? or * to list all spells.
Your skin crawls.
You float gracefully downwards.
You start resting.
Your surroundings suddenly seem different.
A lich comes into view.
The lich shouts!
A caustic shrike comes into view.
The caustic shrike screeches!
An iron dragon comes into view.
The iron dragon roars deafeningly!
An ogre mage comes into view. It is wielding a +0 spear.
The ogre mage shouts!
You hear a horrible gurgling sound!
You hear a deafening roar!
You hear a shout!
The caustic shrike claws you.
You are splashed with acid.
The caustic shrike claws you but does no damage.
A brown ugly thing comes into view.
The brown ugly thing gurgles horribly!
You hear a shout!
You hear a horrible gurgling sound!
You hear a shout! x2
Found a ration and 79 gold pieces.
Really read with blurry vision while enemies are nearby? [Y]es or [N]o only, please.
Really read with blurry vision while enemies are nearby?
The caustic shrike closely misses you.
The lich mumbles some strange words.
The lich seems to speed up.
You begin reading the scroll.
You continue reading the scroll.
The caustic shrike barely misses you. The caustic shrike claws you!!
* * * LOW HITPOINT WARNING * * *
You are splashed with acid!
* * * LOW HITPOINT WARNING * * *
You hear a deafening roar!
Blink to where?
Press: ? - help, Dir - move target cursor You are lightly contaminated with residual magic.
As you read the scroll of blinking, it crumbles to dust.
Found four items.
An iron dragon, a lich, a deep troll shaman and 2 tengu conjurers come into view.
You feel much better.
The iron dragon roars deafeningly!
The lich shouts!
The tengu conjurer shouts! x2
The deep troll shaman shouts!
You hear a deafening roar!
The lich gestures at you while chanting.
The bolt of negative energy misses you.
Aizul the Neglectful Guardian comes into view.
Okay, then.
Really read with blurry vision while enemies are nearby?
The iron dragon bites you.
* * * LOW HITPOINT WARNING * * *
The iron dragon claws you but does no damage.
The iron dragon tramples you!
* * * LOW HITPOINT WARNING * * *
You stumble backwards!
You begin reading the scroll.
You continue reading the scroll.
The iron dragon bites you!
* * * LOW HITPOINT WARNING * * *
The iron dragon claws you but does no damage.
The iron dragon tramples you.
* * * LOW HITPOINT WARNING * * *
You stumble backwards!
The caustic shrike completely misses you.
Blink to where?
Press: ? - help, Dir - move target cursor
As you read the scroll of blinking, it crumbles to dust.
A storm dragon comes into view.
You feel much better.
A brown very ugly thing comes into view.
The iron dragon breathes metal splinters at you.
The spray of metal splinters hits you!!
* * * LOW HITPOINT WARNING * * *
The lich touches you but does no damage.
You hear two shouts!
You feel much better.
The lich gestures at you while chanting.
You resist with some effort.
The lich gestures at you while chanting.
You feel haunted.
The tengu conjurer mumbles some strange words.
The tengu conjurer blinks!
Really read with blurry vision while enemies are nearby?
The lich closely misses you.
The tengu conjurer gestures wildly while chanting.
You begin reading the scroll.
You continue reading the scroll.
You feel like a meek peon again.
The lich touches you but does no damage.
The lich touches you.
* * * LOW HITPOINT WARNING * * *
You feel drained.
* * * LOW HITPOINT WARNING * * *
As you read the scroll of teleportation, it crumbles to dust.
You feel strangely unstable.
Really read with blurry vision while enemies are nearby?
The brown ugly thing kicks you but does no damage.
The iron dragon bites you.
* * * LOW HITPOINT WARNING * * *
The iron dragon claws you but does no damage.
The iron dragon tramples you but does no damage.
The phantasmal warrior barely misses you.
The caustic shrike claws you!
* * * LOW HITPOINT WARNING * * *
The acid corrodes you!
You are splashed with acid!
You die...

#.......#...
#.......#... #
#......?#(.. ..
#.......#...
##C##########S.Q....#...
...u.......D........#...
...u.u......L......"#...
......DLWO..*Q......#..≈
$...$Du@bW..$...$..^#..≈
#####################...
.. ........ . ...≈≈...
....≈... #########..
.......≈≈≈≈ ...≈≈≈≈≈≈≈≈
≈≈≈≈≈≈≈≈≈..


You could see Aizul, 2 iron dragons, a caustic shrike, a storm dragon, 2 very
ugly things, a stone giant, 2 liches, 2 ugly things, an ogre mage, a phantasmal
warrior, a phantom, a tengu conjurer and a battlesphere.

Vanquished Creatures
  Mara (Depths:1)
  A fire giant (Depths:1)
  A frost giant (Depths:2)
  The ghost of Flugslaktarn the Cleaver, a journeyman DDFi of Makhleb (Spider:1)
  A vampire knight (Depths:2)
  An ironheart preserver (D:14)
  An entropy weaver (Spider:1)
  3 very ugly things (Depths:1)
  3 stone giants
  Nessos (Lair:4)
  An ettin (Depths:2)
  2 fire dragons
  9 hydras
  An ice dragon (Depths:1)
  2 rakshasas
  A catoblepas (Lair:6)
  2 death knights (D:14)
  2 centaur warriors
  Erica (Orc:1)
  9 two-headed ogres
  The ghost of Mesmaeker13 the Destroyer, a journeyman DrCj of Hepliaklqana (Lair:1)
  12 death yaks
  A deep troll shaman (Lair:6)
  A deep troll earth mage (Depths:1)
  A vampire mage (Depths:1)
  2 soul eaters (Orc:2)
  5 orc high priests (Orc:2)
  A spriggan berserker (Depths:2)
  A sun demon (Orc:2)
  A skeletal warrior (D:14)
  3 gelid demonspawn (Orc:2)
  A glowing orange brain (D:15)
  A torturous demonspawn (Orc:2)
  2 unseen horrors
  4 deep trolls (Depths:1)
  2 phantasmal warriors
  6 orc sorcerers (Orc:2)
  A lindwurm (Lair:6)
  8 orc knights
  Pikel (D:7)
  3 deep elf magi
  23 ugly things
  2 orb spiders (Spider:1)
  8 wolf spiders
  5 cyclopes
  A black mamba (shapeshifter) (D:15)
  2 manticores (D:14)
  4 elephants (Lair:6)
  2 black mambas
  2 ice statues (IceCv)
  A gargoyle (D:12)
  3 spiny frogs
  3 torpor snails
  3 kobold demonologists
  3 rime drakes
  10 komodo dragons
  A demonic crawler (Spider:1)
  13 yaktaurs
  A red devil (Orc:2)
  3 hellwings (Orc:2)
  3 trolls
  11 jumping spiders
  A meliai (shapeshifter) (D:15)
  2 hornets
  A queen bee (shapeshifter) (D:15)
  4 polar bears
  19 blink frogs
  Prince Ribbit (D:8)
  7 dream sheep (Lair:6)
  34 slime creatures
  11 hippogriffs
  4 tarantellas (Spider:1)
  2 centaur simulacra
  A vampire (D:14)
  2 shadows
  46 yaks
  3 wyverns
  A water elemental (Depths:2)
  A human (D:8)
  4 redbacks
  4 wraiths
  A chaos spawn (Orc:2)
  4 hogs (D:8)
  3 hungry ghosts
  2 basilisks
  2 vampire mosquitoes (D:15)
  A redback simulacrum (D:14)
  4 wargs
  An acid dragon (D:14)
  8 water moccasins
  4 porcupines
  Duvessa (D:7)
  41 orc warriors
  20 ice beasts
  5 eyes of draining
  A black bear (Lair:6)
  6 sky beasts
  14 wolves
  16 ogres
  3 phantoms
  7 centaurs
  8 crocodiles
  7 big kobolds
  26 bullfrogs
  2 gnoll sergeants (D:12)
  A spiny frog simulacrum (Lair:1)
  An earth elemental (Orc:2)
  5 scorpions
  Dowan (D:7)
  11 killer bees
  An elephant simulacrum (Lair:1)
  2 howler monkeys
  2 vampire bats (Orc:1)
  6 crimson imps
  8 centaur zombies
  3 bullfrog zombies
  A quasit (D:11)
  A lava snake (Lair:3)
  3 hounds
  3 komodo dragon simulacra (Lair:1)
  18 orc wizards
  3 bullfrog skeletons
  25 orc priests
  8 jellies
  3 centaur skeletons
  2 iron imps (Depths:1)
  4 iguanas
  7 worker ants
  2 bullfrog simulacra (Lair:1)
  2 porcupine simulacra (Lair:1)
  3 howler monkey zombies
  3 gnolls (D:12)
  A howler monkey skeleton (D:4)
  5 adders
  11 shadow imps
  7 white imps (D:14)
  10 oozes
  2 adder zombies
  An adder skeleton (D:4)
  4 worms
  A ball lightning (D:14)
  A dart slug (D:5)
  7 leopard geckos
  97 orcs
  A ball python (D:2)
  15 bats
  8 giant cockroaches
  3 goblins
  7 hobgoblins
  9 jackals
  16 kobolds
  8 quokkas
  3 frilled lizards
  4 rats
  A fungus (Lair:6)
  A plant (Lair:6)
893 creatures vanquished.

Vanquished Creatures (collateral kills)
  A two-headed ogre (D:11)
  2 hungry ghosts
  A centaur (D:9)
4 creatures vanquished.

Vanquished Creatures (others)
  A jumping spider (Spider:1)
  An orc wizard (D:4)
  A worker ant zombie (D:7)
  17 fungi
  5 plants
  2 withered plants (Spider:1)
27 creatures vanquished.

Grand Total: 924 creatures vanquished

Notes
Turn   | Place    | Note
-------+----------+-------------------------------------------
     0 | D:1      | FessEmpty the Centaur Transmuter began the quest for the
                  | Orb.
     0 | D:1      | Reached XP level 1. HP: 16/16 MP: 3/3
   431 | D:1      | Reached XP level 2. HP: 19/23 MP: 4/4
  1908 | D:2      | Reached XP level 3. HP: 14/28 MP: 3/5
  2757 | D:2      | Learned a level 2 spell: Sticks to Snakes
  3490 | D:3      | Reached XP level 4. HP: 33/35 MP: 4/6
  3497 | D:3      | Learned a level 3 spell: Spider Form
  4230 | D:4      | Reached XP level 5. HP: 9/40 MP: 3/7
  4592 | D:4      | Reached skill level 5 in Transmutations
  5376 | D:4      | Noticed a hungry ghost
  5393 | D:4      | Killed a hungry ghost
  5393 | D:4      | Reached XP level 6. HP: 37/47 MP: 1/8
  5961 | D:5      | Entered Level 5 of the Dungeon
  5962 | D:5      | Found a glowing golden altar of the Shining One.
  5989 | D:5      | Became a worshipper of the Shining One
  6325 | D:5      | You fall into a shaft and drop 2 floors!
  6364 | D:7      | Found Zuyn's Book Emporium.
  6383 | D:7      | Reached XP level 7. HP: 52/52 MP: 6/9
  7204 | D:5      | Found a shattered altar of Ashenzari.
  7279 | D:5      | Reached XP level 8. HP: 19/59 MP: 5/10
  8488 | D:5      | Found a staircase to the Ecumenical Temple.
  8497 | Temple   | Entered the Ecumenical Temple
  8504 | Temple   | Fell from the grace of the Shining One
  8504 | Temple   | Became a worshipper of Elyvilon the Healer
  8684 | D:6      | Learned a level 4 spell: Ice Form
  9067 | D:6      | Reached skill level 10 in Transmutations
  9494 | D:6      | Reached * piety under Elyvilon
  9872 | D:7      | Noticed Dowan
  9889 | D:7      | Killed Dowan
  9980 | D:7      | Noticed Pikel
 10002 | D:7      | Killed Pikel
 10002 | D:7      | Reached skill level 5 in Unarmed Combat
 10002 | D:7      | Reached XP level 9. HP: 57/69 MP: 9/11
 10077 | D:7      | Learned a level 5 spell: Blade Hands
 10132 | D:7      | Noticed Duvessa
 10375 | D:7      | Killed Duvessa
 10696 | D:8      | Reached skill level 1 in Invocations
 10708 | D:8      | Reached skill level 1 in Evocations
 10973 | D:8      | Noticed Prince Ribbit
 10989 | D:8      | Killed Prince Ribbit
 11168 | D:8      | Reached ** piety under Elyvilon
 11631 | D:8      | Reached XP level 10. HP: 55/80 MP: 10/12
 11931 | D:8      | Found a hide-covered altar of Uskayaw.
 12176 | Temple   | Fell from the grace of Elyvilon
 12176 | Temple   | Became a worshipper of Warmaster Okawaru
 12267 | D:9      | Reached skill level 5 in Fighting
 13047 | D:9      | Found Meil's Armour Shop.
 13328 | D:9      | Reached * piety under Okawaru
 13729 | D:9      | Found a sacrificial altar of Ru.
 13732 | D:9      | Found a bloodstained altar of Trog.
 13735 | D:9      | Found a sparkling altar of Nemelex Xobeh.
 13736 | D:9      | Found a burning altar of Makhleb.
 13737 | D:9      | Found a stormy altar of Qazlal.
 13738 | D:9      | Found an opulent altar of Gozag.
 13740 | D:9      | Found a shimmering blue altar of Sif Muna.
 13868 | D:9      | Found a sacrificial altar of Ru.
 13981 | D:10     | Entered Level 10 of the Dungeon
 14087 | D:10     | Noticed a two-headed ogre
 14099 | D:10     | Killed a two-headed ogre
 14099 | D:10     | Reached skill level 5 in Invocations
 14130 | D:10     | Found a staircase to the Lair.
 14506 | D:10     | Reached ** piety under Okawaru
 14705 | D:10     | Found a portal to a secret trove of treasure.
 14901 | D:11     | Noticed a two-headed ogre
 14918 | D:11     | Killed a two-headed ogre
 15005 | D:11     | Reached XP level 11. HP: 82/90 MP: 9/15
 15184 | D:11     | Found Vaurch's Magic Scroll Boutique.
 15206 | D:11     | Noticed a red ugly thing
 15209 | D:11     | Reached *** piety under Okawaru
 15215 | D:11     | Killed a red ugly thing
 15225 | D:11     | Noticed a two-headed ogre
 15233 | D:11     | Killed a two-headed ogre
 15233 | D:11     | Reached skill level 10 in Unarmed Combat
 15895 | D:11     | Killed an unseen horror
 16273 | D:11     | Noticed an eight-headed hydra
 16401 | D:11     | Killed an eight-headed hydra
 16401 | D:11     | Reached **** piety under Okawaru
 16659 | D:11     | Reached skill level 1 in Bows
 16891 | D:12     | Got an amethyst-studded leather armour
 16904 | D:12     | Identified the +1 leather armour of Wirghe Meubbe {rC+}
                  | (You found it on level 12 of the Dungeon)
 16943 | D:12     | Reached skill level 2 in Bows
 17381 | D:12     | Noticed a two-headed ogre
 17392 | D:11     | Reached skill level 3 in Bows
 17522 | D:12     | Noticed a deep elf mage
 17658 | D:12     | Received a gift from Okawaru
 17850 | D:12     | Reached skill level 4 in Bows
 17916 | D:12     | Reached skill level 5 in Evocations
 17931 | D:12     | Found a staircase to the Orcish Mines.
 17936 | D:12     | Reached skill level 5 in Bows
 18205 | D:12     | Killed a deep elf mage
 18205 | D:12     | Reached skill level 6 in Bows
 18536 | D:12     | Noticed a phantasmal warrior
 18640 | D:12     | Reached XP level 12. HP: 100/100 MP: 11/17
 18642 | D:12     | Reached skill level 7 in Bows
 18725 | D:12     | Noticed a two-headed ogre
 18733 | D:12     | Killed a two-headed ogre
 18733 | D:12     | Received a gift from Okawaru
 18733 | D:12     | Reached skill level 8 in Bows
 18924 | D:13     | Noticed a five-headed hydra
 18931 | D:13     | Killed a five-headed hydra
 18931 | D:13     | Reached skill level 9 in Bows
 19002 | D:13     | Reached ***** piety under Okawaru
 19187 | D:13     | Reached skill level 10 in Bows
 19355 | Lair:1   | Entered Level 1 of the Lair of Beasts
 19743 | Lair:1   | Reached skill level 11 in Bows
 19960 | Lair:1   | Received a gift from Okawaru
 20248 | Lair:1   | Found a runed translucent gate.
 20250 | Lair:1   | Found a runed translucent gate.
 20251 | Lair:1   | Found a runed translucent gate.
 20280 | Lair:1   | Noticed Mesmaeker13's ghost (journeyman DrCj)
 20470 | Lair:1   | Reached skill level 12 in Bows
 20953 | Lair:1   | Killed Mesmaeker13's ghost
 20953 | Lair:1   | Received a gift from Okawaru
 20953 | Lair:1   | Reached skill level 13 in Bows
 20962 | Lair:1   | Got a smelly animal skin {god gift}
 20973 | Lair:1   | Identified the +1 animal skin of Ygufayb {rN+++ Str-2
                  | Stlth+} (Okawaru gifted it to you on level 1 of the Lair of
                  | Beasts)
 22527 | Lair:3   | Reached skill level 14 in Bows
 22637 | Lair:3   | Reached XP level 13. HP: 88/105 MP: 9/18
 23274 | Lair:4   | Found a burning altar of Makhleb.
 23359 | Lair:4   | Found a hole to the Spider Nest.
 23414 | Lair:4   | Reached skill level 15 in Bows
 23457 | Lair:4   | Noticed Nessos
 23466 | Lair:4   | Killed Nessos
 23714 | Lair:4   | Found a staircase to the Shoals.
 24258 | Lair:4   | Received a gift from Okawaru
 24335 | Lair:4   | Reached skill level 16 in Bows
 24884 | Lair:5   | Received a gift from Okawaru
 25066 | Lair:5   | Reached skill level 17 in Bows
 25163 | Lair:5   | Received a gift from Okawaru
 25901 | Lair:6   | Entered Level 6 of the Lair of Beasts
 25933 | Lair:6   | Reached skill level 18 in Bows
 26012 | Lair:6   | Found a runed translucent door.
 26012 | Lair:6   | Found a viscous altar of Jiyva.
 26013 | Lair:6   | Noticed an acid blob
 26073 | Lair:6   | Found a staircase to the Slime Pits.
 26081 | Lair:6   | Reached ****** piety under Okawaru
 26081 | Lair:6   | Received a gift from Okawaru
 26445 | Lair:6   | Received a gift from Okawaru
 26524 | Lair:6   | Reached XP level 14. HP: 101/113 MP: 19/19
 26569 | Lair:6   | Reached skill level 19 in Bows
 26696 | Lair:6   | Received a gift from Okawaru
 27329 | Lair:6   | Received a gift from Okawaru
 27343 | Lair:6   | Received a gift from Okawaru
 27397 | Lair:6   | Received a gift from Okawaru
 27422 | Lair:6   | Reached skill level 20 in Bows
 27512 | Lair:6   | Got an ancient turquoise ring
 27514 | Lair:6   | Identified the ring of Naif {*Tele +Blink} (You found it on
                  | level 6 of the Lair of Beasts)
 27546 | Lair:6   | Received a gift from Okawaru
 27853 | Orc:1    | Entered Level 1 of the Orcish Mines
 28139 | Orc:1    | Noticed a stone giant
 29011 | D:13     | Learned a level 3 spell: Ozocubu's Armour
 29216 | D:14     | Reached skill level 1 in Charms
 29274 | D:14     | Reached skill level 1 in Ice Magic
 29651 | D:14     | Noticed an ironheart preserver
 29655 | D:14     | Found Fymiy's Assorted Antiques.
 29893 | D:14     | Found a frozen archway.
 29912 | D:14     | Reached skill level 5 in Charms
 29923 | IceCv    | Entered an ice cave
 29931 | IceCv    | Received a gift from Okawaru
 29944 | IceCv    | Found a transporter.
 30049 | IceCv    | Found a transporter.
 30383 | D:14     | Killed an ironheart preserver
 30383 | D:14     | Reached XP level 15. HP: 121/121 MP: 20/20
 30534 | D:14     | Found a gate to the Vaults.
 30893 | D:15     | Entered Level 15 of the Dungeon
 31232 | Lair:2   | Learned a level 6 spell: Deflect Missiles
 31280 | Spider:1 | Entered Level 1 of the Spider Nest
 31492 | Spider:1 | Found a runed translucent door.
 31494 | Spider:1 | Reached skill level 1 in Air Magic
 31509 | Spider:1 | Received a gift from Okawaru
 32518 | Spider:1 | Noticed Flugslaktarn's ghost (journeyman DDFi)
 32825 | Spider:1 | Killed Flugslaktarn's ghost
 33459 | Orc:1    | Received a gift from Okawaru
 33560 | Orc:1    | Noticed Erica
 33567 | Orc:1    | Killed Erica
 33946 | Orc:2    | Entered Level 2 of the Orcish Mines
 34087 | Orc:2    | Found a staircase to the Elven Halls.
 34250 | Orc:2    | Found Midisoa's Distillery.
 34260 | Orc:2    | Found Barroah's Distillery.
 34714 | Orc:2    | Learned a level 3 spell: Regeneration
 34797 | Orc:2    | Reached skill level 1 in Necromancy
 34849 | Orc:2    | Found Fyavism's Book Emporium.
 34871 | Orc:2    | Paralysed by an orc sorcerer for 6 turns
 34920 | Orc:2    | Received a gift from Okawaru
 35310 | Orc:2    | Got a polished scale mail {god gift}
 35321 | Orc:2    | Identified the +4 scale mail "Pihidib" {MP+9 Dex+3}
                  | (Okawaru gifted it to you on level 2 of the Orcish Mines)
 36120 | Orc:2    | Found Qemibac's Book Emporium.
 36120 | Orc:2    | Found Bacaeg's Antique Armour Shoppe.
 36120 | Orc:2    | Found a one-way gate leading to the halls of Pandemonium.
 36188 | Elf:1    | Entered Level 1 of the Elven Halls
 36410 | D:14     | Gained mutation: Scrolls take you a little longer to read.
                  | [mutagenic glow]
 36683 | D:15     | Reached XP level 16. HP: 114/127 MP: 22/22
 37189 | D:15     | Found a staircase to the Depths.
 37326 | D:15     | Reached skill level 5 in Spellcasting
 37686 | Depths:1 | Entered Level 1 of the Depths
 37686 | Depths:1 | Found a runed translucent gate.
 37686 | Depths:1 | Found a runed translucent gate.
 37686 | Depths:1 | Found a runed translucent gate.
 37687 | Depths:1 | Found a viscous altar of Jiyva.
 37687 | Depths:1 | Noticed Niacecre's ghost (veteran DEFE)
 37736 | Depths:1 | Reached skill level 5 in Air Magic
 38037 | Depths:1 | Reached skill level 10 in Charms
 38094 | Depths:1 | Received a gift from Okawaru
 38512 | Depths:1 | Received a gift from Okawaru
 38815 | Depths:1 | Received a gift from Okawaru
 38816 | Depths:1 | Got a faintly glowing short sword {god gift}
 38817 | Depths:1 | Identified the +4 short sword of Eternity {elec, Dex+4}
                  | (Okawaru gifted it to you on level 1 of the Depths)
 39222 | Depths:1 | Noticed Mara
 39399 | Depths:1 | Found a one-way gate to the infinite horrors of the Abyss.
 39446 | Depths:1 | Noticed FessEmpty's illusion
 39513 | Depths:1 | Killed Mara
 39633 | Depths:1 | Found a gateway to Hell.
 40238 | Depths:2 | Got a coiled glass ring
 40276 | Depths:2 | Identified the ring of Busti {+Fly rC+ Stlth+} (You found
                  | it on level 2 of the Depths)
 40383 | Depths:2 | Received a gift from Okawaru
 40412 | Depths:2 | Noticed a lich
 40412 | Depths:2 | Noticed a caustic shrike
 40415 | Depths:2 | Noticed a lich
 40415 | Depths:2 | Noticed Aizul
 40417 | Depths:2 | HP: 6/132 [iron dragon (1)]
 40418 | Depths:2 | Noticed a storm dragon
 40418 | Depths:2 | HP: 1/132 [iron dragon/spray of metal splinters (29)]
 40422 | Depths:2 | Splashed by a caustic shrike's acid

Levels and vault maps discovered:
D:1:      giann_forest_graveyard, layout_basic, serial_forest,
          infiniplex_forest_zigzag_1, infiniplex_forest_lined_corner,
          infiniplex_forest_clump_medium, infiniplex_forest_clump_medium,
          infiniplex_forest_zigzag_1, infiniplex_forest_side_room
D:2:      layout_loops_ring, first_ration
D:3:      layout_basic, serial_glass, glass_columns_a, glass_columns_a
D:4:      layout_cave_pods
D:5:      minmay_chambers_of_threes, layout_basic, lemuel_crystal_altar,
          marbit_many_paths, minmay_temple_entry_poolview, glass_columns_a
D:6:      layout_gridville
D:7:      layout_rooms, serial_shops, shop, uniq_duvessa, uniq_pikel
D:8:      layout_loops_ring, kennysheep_little_box, grunt_livestock,
          uniq_prince_ribbit1
D:9:      layout_gridville, minitemple, serial_shops, shop,
          nicolae_ru_great_annihilating_truth
D:10:     layout_basic, lair_entry_dummy, nicolae_trove_entry_columns
D:11:     layout_loops_ring, serial_shops, shop
D:12:     layout_irregular_city, kennysheep_orc_monster_closet_entryway,
          grunt_decor_mini_mirrors, minmay_three_doors
D:13:     layout_long_grid
D:14:     layout_roguey, skrybe_vaults_entry_preservation, serial_shops, shop,
          minmay_stone_trees_small, serial_ice, serial_ice_b, serial_ice_c,
          serial_ice_e, serial_ice_i, serial_ice_n, serial_ice_o,
          portal_ice_cave_entry_ice_beasts
D:15:     gammafunk_enter_depths_forms, layout_irregular_city, minivault_23,
          hangedman_decor_lopped
Temple:   nicolae_temple_no_exploring_needed
Lair:1:   layout_loops_ring, gammafunk_ghost_icy, minmay_lair_oklob_chamber
Lair:2:   layout_hall_layers
Lair:3:   lemuel_slime, layout_gridlike, pond
Lair:4:   layout_small_grid, shoals_dummy_entry, spider_nest_entry_web_field,
          basic_altar, serial_bayou_shore_b, infiniplex_staircase_pool_2,
          grunt_megastairs_3, uniq_nessos
Lair:5:   layout_small_grid
Lair:6:   grunt_lair_end_beastmaster, layout_gridlike, slime_altar_2
Spider:1: layout_chambers, gammafunk_ghost_grave
Spider:2: layout_spider_delve, hangedman_spider_tarantella_strand, uniq_agnes
Orc:1:    layout_caves, roderic_batcave, uniq_erica
Orc:2:    pf_orc_diabolical, layout_diamond_mine, serial_shops, shop_statue,
          lightli_orcish_oven
Elf:1:    minmay_elf_arrival_circle, layout_loops_corners, minivault_28,
          uniq_roxanne
Depths:1: layout_honeycomb, grunt_hell_entry_dis_old, grunt_pan_entry_spiral,
          abyss_entry, gammafunk_ghost_ooze, minislime_mu, uniq_mara
Depths:2: box_level_dp, hell_entry, uniq_aizul, uniq_nikola

Skill      XL: |  1  2  3  4  5  6  7  8  9 10 11 12 13 14 15 16 |
---------------+-------------------------------------------------+-----
Transmutations | 2 3 4 6 7 8 10 | 10.1
Fighting       | 3 4 6 7 9 |  9.2
Unarmed Combat | 5 7 9 10 12 | 12.2
Invocations    | 3 5 7 |  7.2
Evocations     | 2 4 5 6 |  6.5
Bows           | 6 14 18 20 | 20.8
Charms         | 6 9 10 | 10.0
Ice Magic      | 4 |  4.0
Air Magic      | 4 6 |  6.0
Spellcasting   | 4 6 |  6.1
Necromancy     | 4 |  4.0
Dodging        | |  1.3

Action                   |  1- 3 |  4- 6 |  7- 9 | 10-12 | 13-15 | 16-18 || total
-------------------------+-------+-------+-------+-------+-------+-------++-------
Melee: Unarmed           |   154 |   159 |   344 |   465 |   249 |    75 ||  1446
       Kick              |    28 |    18 |    22 |    74 |    53 |    16 ||   211
       Punch             |     3 |     2 |     1 |     8 |     8 |     6 ||    28
       Headbutt          |     7 |    12 |     6 |       |       |       ||    25
 Fire: Shortbow          |       |       |       |   299 |    43 |       ||   342
       Longbow           |       |       |       |       |  1245 |   524 ||  1769
Throw: Boomerang         |       |       |     7 |       |       |       ||     7
 Cast: Beastly Appendage |    16 |    18 |    15 |     1 |       |       ||    50
       Spider Form       |       |     7 |    28 |     8 |       |       ||    43
       Sticks to Snakes  |       |     3 |       |    13 |    15 |       ||    31
       Ice Form          |       |       |     2 |       |       |       ||     2
       Blade Hands       |       |       |     5 |    51 |    37 |    14 ||   107
       Ozocubu's Armour  |       |       |       |       |    10 |    10 ||    20
       Regeneration      |       |       |       |       |     2 |    23 ||    25
       Deflect Missiles  |       |       |       |       |       |     1 ||     1
Invok: Heroism           |       |       |       |    24 |    33 |    12 ||    69
       Finesse           |       |       |       |       |     3 |     3 ||     6
Evoke: Wand              |       |       |     2 |     2 |    10 |       ||    14
       Lightning rod     |       |       |       |     3 |    13 |       ||    16
       Fan of gales      |       |       |       |       |     1 |       ||     1
  Use: Scroll            |       |     4 |     6 |     7 |    24 |     5 ||    46
       Potion            |       |       |       |       |     1 |     3 ||     4
 Stab: Distracted        |       |     1 |       |       |     1 |       ||     2
       Paralysed         |       |       |       |     2 |       |       ||     2
  Eat: Chunk             |     6 |    10 |    11 |    36 |    41 |     5 ||   109
       Ration            |       |     1 |     4 |     6 |     4 |     4 ||    19
Armor: Robe              |    51 |    31 |    20 |   174 |    29 |       ||   305
       Skin              |       |     1 |    15 |     2 |       |       ||    18
       Troll leather arm |       |       |       |       |   150 |    38 ||   188
Dodge: Dodged            |    78 |    93 |   227 |   216 |   131 |    34 ||   779
       Deflected         |       |       |       |       |       |     9 ||     9
